 Dungeon Crawl Stone Soup version 0.21.1-1-g345015fe64 (webtiles) character file.

520353 Jannitor the Hoplite (level 25, -1/213 HPs)
             Began as a Barachi Skald on May 28, 2018.
             Was the Champion of Cheibriados.
             Killed by divine providence
             ... invoked by a greater mummy
              (12 damage)
             ... on level 1 of the Tomb of the Ancients.
             The game lasted 02:09:13 (54854 turns).

Jannitor the Hoplite (Barachi Skald)               Turns: 54854, Time: 02:09:14

Health: -1/213     AC: 36    Str: 42    XL:     25   Next: 86%
Magic:  0/41       EV: 34    Int: 36    God:    Cheibriados [******]
Gold:   3452       SH: 29    Dex: 39    Spells: 6/52 levels left

rFire    + + +     SeeInvis +   F - +9 eveningstar (freeze)
rCold    + . .     Gourm    .   L - +0 large shield of the Three Gods {rF+ rN+ Regen+ Dex+2}
rNeg     + . .     Faith    .   S - +5 fire dragon scales
rPois    +         Spirit   +   H - +3 crown of Dyrovepreva {rElec Int+2 SInv}
rElec    +         Reflect  .   R - +0 cloak
rCorr    .         Harm     .   W - +3 pair of gauntlets of War {Slay+5}
MR       ++...                  y - +0 pair of boots of the Original Sin {Dex+4} (curse)
Stlth    ++........             n - amulet of the Hare {Spirit Fragile rElec rC+}
HPRegen  0.85/turn              g - ring of the Postmodern Deaths {rPois rC+ Str+2 Stlth+}
MPRegen  0.27/turn              v - +6 ring of protection

@: mighty, agile, silence, flayed, can't hop, slowed, studying Maces & Flails,
deflect missiles, very slow
A: +LOS, swims, repulsion field 1, magic resistance 1, slowness 1, strong 1,
strong legs 2
}: 2/15 runes: decaying, gossamer
a: Hop, Renounce Religion


You were on level 1 of the Tomb of the Ancients.
You worshipped Cheibriados.
Cheibriados was exalted by your worship.
You were not hungry.

You visited 11 branches of the dungeon, and saw 48 of its levels.
You visited 1 bazaar.
You also visited: Ossuary and Bailey.

You collected 7401 gold pieces.
You spent 3949 gold pieces at shops.

Inventory:

Hand Weapons
 F - a +9 eveningstar of freezing (weapon)
Armour
 x - a +2 large shield of protection
 y - the cursed +0 pair of boots of the Original Sin (worn) {Dex+4}
   (You found it on level 3 of the Crypt)

   It affects your dexterity (+4).
   It has a curse placed upon it.
 H - the +3 crown of Dyrovepreva (worn) {rElec Int+2 SInv}
   (You found it on level 6 of the Dungeon)

   It affects your intelligence (+2).
   It insulates you from electricity.
   It lets you see invisible.
 L - the +0 large shield of the Three Gods (worn) {rF+ rN+ Regen+ Dex+2}
   (You bought it in a shop on level 1 of the Vaults)

   It affects your dexterity (+2).
   It protects you from fire.
   It protects you from negative energy.
   It increases your rate of regeneration.
 R - a +0 cloak (worn)
 S - +5 fire dragon scales (worn)
 W - the +3 pair of gauntlets of War (worn) {Slay+5}
   (You found it on level 3 of the Elven Halls)

   It affects your accuracy and damage with ranged weapons and melee attacks
   (+5).
Jewellery
 g - the ring of the Postmodern Deaths (left hand) {rPois rC+ Str+2 Stlth+}
   (You took it off a deep elf high priest on level 3 of the Elven Halls)

   [ring of protection from cold]

   It affects your strength (+2).
   It protects you from cold.
   It protects you from poison.
   It makes you more stealthy.
 n - the amulet of the Hare (around neck) {Spirit Fragile rElec rC+}
   (You bought it in a shop on level 3 of the Depths)

   [amulet of guardian spirit]

   It causes incoming damage to be split between your health and magic.
   It protects you from cold.
   It insulates you from electricity.
   It will be destroyed if unequipped.
 v - a +6 ring of protection (right hand)
Wands
 e - a wand of digging (87)
 z - a wand of acid (11)
 C - a wand of iceblast (38)
 E - a wand of flame (76)
 J - a wand of polymorph (50)
 K - a wand of paralysis (23)
 N - a wand of scattershot (14)
 U - a wand of enslavement (4)
Scrolls
 c - 6 scrolls of blinking
 i - 18 scrolls of remove curse
 l - 8 scrolls of immolation
 o - 11 scrolls of identify
 u - 9 scrolls of magic mapping
 B - 6 scrolls of fog
 D - a scroll of summoning
 I - 3 scrolls of fear
 M - 15 scrolls of teleportation
 P - 5 scrolls of silence
 Q - 6 scrolls of vulnerability
 V - 7 scrolls of amnesia
Potions
 f - 5 potions of ambrosia
 h - 7 potions of flight
 j - a potion of might
 k - 7 potions of brilliance
 m - 13 potions of mutation
 p - 4 potions of magic
 q - a potion of resistance
 s - 6 potions of heal wounds
 A - 22 potions of curing
 G - 7 potions of agility
 O - 4 potions of cancellation
 X - 2 potions of invisibility
Books
 b - a Necronomicon

   Spells                             Type                      Level
   a - Haunt                          Necromancy/Summoning         7
   b - Borgnjor's Revivification      Necromancy                   8
   c - Death's Door                   Charms/Necromancy            8
   d - Infestation                    Necromancy                   8
   e - Necromutation                  Transmutation/Necromancy     8
 t - a manual of Maces & Flails
Miscellaneous
 a - 5 boxes of beasts
 r - a fan of gales
 Y - a phial of floods
Comestibles
 d - 77 rations


   Skills:
 + Level 20.9 Fighting
 - Level 16.0 Maces & Flails
 - Level 18.0 Armour
 + Level 13.0 Dodging
 * Level 21.2 Shields
 + Level 14.2 Spellcasting
 - Level 13.8 Hexes
 + Level 11.5 Charms
 + Level 8.0 Summonings
 + Level 11.2 Translocations
 - Level 4.3 Ice Magic
 - Level 5.3 Air Magic
 - Level 12.9 Invocations


You had 6 spell levels left.
You knew the following spells:

 Your Spells              Type           Power        Failure   Level  Hunger
a - Infusion              Chrm           ####         1%          1    None
b - Song of Slaying       Chrm           #######.     1%          2    None
c - Regeneration          Chrm/Necr      ######....   1%          3    None
d - Shroud of Golubria    Chrm/Tloc      #######...   1%          2    None
e - Spectral Weapon       Hex/Chrm       #######.     1%          3    None
f - Metabolic Englaciati  Hex/Ice        ######....   2%          5    None
g - Yara's Violent Unrav  Hex/Tmut       ######....   6%          5    None
h - Silence               Hex/Air        #######...   1%          5    None
i - Deflect Missiles      Chrm/Air       ######....   17%         6    ##.....
j - Summon Mana Viper     Hex/Summ       #######.     1%          5    None
k - Apportation           Tloc           ######       1%          1    None
l - Lesser Beckoning      Tloc           #######...   1%          3    None
m - Aura of Abjuration    Summ           ######....   3%          5    None


Dungeon Overview and Level Annotations

Branches:
Dungeon (15/15)            Temple (1/1) D:4            Lair (6/6) D:10
  Swamp (4/4) Lair:2       Spider (4/4) Lair:3        Slime (0/5) Lair:6
    Orc (2/2) D:10            Elf (3/3) Orc:2        Vaults (5/5) D:14
  Crypt (3/3) Vaults:3       Tomb (1/3) Crypt:3      Depths (4/5) D:15

Altars:
Ashenzari
Cheibriados
Dithmenos
Elyvilon
Fedhas
Gozag
Hepliaklqana
Kikubaaqudgha
Makhleb
Nemelex Xobeh
Okawaru
Qazlal
Ru
Sif Muna
Trog
Uskayaw
Vehumet
Wu Jian
Xom
Yredelemnul
Zin
The Shining One

Shops:
D:8 (:   D:15 ?   Orc:2 ([*:   Vaults:1 }**(   Vaults:2 [   Vaults:3 !
Depths:3 *

Portals:
Hell: Depths:1 Depths:2 Depths:3 Depths:4
Abyss: Depths:1 Depths:4
Pandemonium: Depths:3
Ziggurat: Depths:1


Innate Abilities, Weirdness & Mutations

Shadows flee at your approach. (+LOS)
You can swim through water.
You cover ground slowly.
You can hop long distances.
You are surrounded by a mild repulsion field. (EV +2)
You are resistant to hostile enchantments. (MR+)
Your muscles are strong. (Str +2)


Message History

The ice devil is engulfed in spectral mist.
The wraith closely misses you. The shadow completely misses you.
The wraith misses you.
The greater mummy calls on the powers of darkness!
The mana viper convulses! x2; Your body is wracked with pain!
* * * LOW HITPOINT WARNING * * *
The revenant conjures spectral mists around you.
The spectral mist engulfs the wraith.
The sun demon is engulfed in spectral mist.
You block the death scarab's attack.
The mummy priest calls on the powers of darkness!
The mana viper convulses! x2; Your body is wracked with pain!
* * * LOW HITPOINT WARNING * * *
The orange demon is engulfed in spectral mist.
You block the orange demon's attack. You block the reaper's attack.
The wraith completely misses you. The shadow barely misses you.
The wraith completely misses you.
The greater mummy points at you and mumbles some strange words.
Something smites you!
You die...

#.8.W88.# #....8..# #MMMZ...#
#W8MZZ8.# #ZL§WS..# #ZWLW...#
#4W42M8.# #WWW4S..# #.@.3M..#
#.8ss.8.#
###############..ss...###########
.................................
................8...8............
.................................
.................................
.................................
.................⌠.⌠.............


You could see 2 greater mummies, 2 revenants, a reaper, 2 mummy priests, a
flayed ghost, a sun demon, an orange demon, a phantasmal warrior, 2 mana vipers,
2 guardian mummies, 2 ushabtiu, 2 ice devils, a freezing wraith, a spectral fire
giant, a hungry ghost, 4 wraiths, 4 death scarabs, a shadow (invisible), a
manticore zombie, a storm dragon zombie, a frost giant zombie and a shadow
dragon skeleton.

Vanquished Creatures
  Khufu (Crypt:3)
  Mara (Vaults:2)
  Mennas (Vaults:3)
  A juggernaut (Depths:4)
  2 ancient liches (Crypt:3)
  The ghost of aliadon the Axe Maniac, a veteran HOBe of the Shining One (Crypt:2)
  Sojobo (Vaults:2)
  3 greater mummies
  Frederick (Vaults:3)
  Saint Roka (Vaults:3)
  A golden dragon (Depths:4)
  Nikola (Spider:1)
  A profane servitor (Crypt:2)
  Jory (Vaults:2)
  A bone dragon (Crypt:3)
  An Ice Fiend (Depths:1)
  Jorgrun (Swamp:2)
  3 liches
  2 tentacled monstrosities (Depths:4)
  Rupert (Orc:1)
  2 deep elf blademasters
  A quicksilver dragon (Depths:2)
  Frances (D:14)
  2 deep elf master archers (Elf:3)
  14 sphinxes
  7 ancient champions
  2 shadow dragons
  3 thorn hunters
  Agnes (D:14)
  A storm dragon (Depths:2)
  6 tengu reavers
  7 fire giants
  Donald (Elf:2)
  12 frost giants
  8 vault wardens
  5 deep elf sorcerers (Elf:3)
  The ghost of Ivernyr the Ogre Mage, a journeyman OgWz of Sif Muna (Lair:6)
  An orc warlord (Orc:2)
  3 ghost moths
  2 iron dragons (Depths:4)
  2 curse skulls
  4 emperor scorpions
  Louise (Swamp:2)
  Aizul (Spider:1)
  2 deep elf elementalists (Elf:3)
  11 ghouls
  7 ironheart preservers
  A spriggan defender (Depths:3)
  17 stone giants
  2 reapers (Crypt:2)
  2 very ugly things (Depths:2)
  4 war gargoyles
  3 deep elf demonologists
  7 entropy weavers
  7 vampire knights
  7 deep elf annihilators (Elf:3)
  Azrael (D:14)
  6 spark wasps (Depths:4)
  5 eidola
  3 yaktaur captains
  10 ettins
  4 deep elf death magi
  8 jiangshi
  6 fire dragons
  A quicksilver dragon zombie (Crypt:3)
  8 rakshasas
  3 deep elf high priests (Elf:3)
  Harold (Lair:2)
  13 great orbs of eyes
  21 hydras
  24 vault guards (Vaults:5)
  7 ice dragons
  9 centaur warriors
  2 spriggan air magi (Depths:4)
  A merfolk avatar (Lair:6)
  17 ogre magi
  22 dancing weapons
  10 alligators
  7 death knights
  6 death scarabs (Tomb:1)
  A queen ant (Spider:1)
  3 deep troll shamans
  43 two-headed ogres
  4 deep troll earth magi
  6 orc high priests
  A titan zombie (Crypt:3)
  11 vampire magi
  7 spriggan berserkers
  7 tengu warriors
  A storm dragon zombie (Crypt:3)
  12 hell knights
  2 large abominations (Elf:3)
  12 deep elf knights
  A fire crab (shapeshifter) (Depths:4)
  39 skeletal warriors
  3 shadow wraiths
  An iron troll (Depths:3)
  A storm dragon skeleton (Tomb:1)
  21 deep trolls
  4 unseen horrors
  2 salamander mystics (Depths:2)
  3 spriggan druids (Swamp:4)
  2 wizards
  3 glowing orange brains
  10 flayed ghosts
  11 swamp dragons
  7 ironbrand convokers
  3 shambling mangroves (Swamp:2)
  2 lindwurms (shapeshifter)
  6 phantasmal warriors
  16 deep elf archers
  9 harpies
  A golden dragon skeleton (Crypt:3)
  A wolf spider zombie (Crypt:3)
  10 orc knights
  An orb spider (shapeshifter) (D:15)
  6 orc sorcerers
  An iron dragon zombie (Crypt:1)
  A fire giant zombie (Crypt:3)
  3 necromancers
  A mana viper (shapeshifter) (Vaults:5)
  15 orb spiders
  11 cyclopes
  64 deep elf magi
  25 wolf spiders
  A manticore (shapeshifter) (Depths:4)
  2 manticores
  15 ugly things
  5 elephants
  7 salamanders (Depths:2)
  A dire elephant zombie (Crypt:3)
  2 centaur zombies
  A shock serpent zombie (Tomb:1)
  A guardian serpent (shapeshifter) (Vaults:3)
  Joseph (D:7)
  A salamander (shapeshifter) (Vaults:3)
  5 gargoyles
  8 vault sentinels
  4 black mambas
  18 spiny frogs
  4 centaur skeletons
  A catoblepas zombie (Crypt:3)
  3 smoke demons (Crypt:3)
  2 rime drakes
  2 torpor snails
  10 freezing wraiths
  2 shock serpent skeletons (Crypt:3)
  A kobold demonologist (D:11)
  A sea snake zombie (Crypt:1)
  9 komodo dragons
  25 yaktaurs
  14 demonic crawlers
  A sea snake skeleton (Crypt:1)
  A merfolk (shapeshifter) (Depths:1)
  5 guardian mummies (Tomb:1)
  A queen bee (D:14)
  2 polar bears (Lair:6)
  A harpy zombie (D:15)
  3 meliai (D:14)
  A wind drake (shapeshifter) (Vaults:3)
  4 red devils (Crypt:3)
  10 trolls
  A queen bee (shapeshifter) (Vaults:3)
  2 trolls (shapeshifter)
  The ghost of tobi4572 the Covert, a novice SpAs (D:5)
  36 jumping spiders
  25 hornets
  27 slime creatures
  4 tengu conjurers
  2 wind drakes (Lair:6)
  13 blink frogs
  11 bog bodies
  4 hydra skeletons
  A harpy skeleton (Crypt:2)
  9 tyrant leeches
  A stone giant simulacrum (Vaults:1)
  A jumping spider zombie (Crypt:1)
  14 hippogriffs
  4 meliai zombies
  6 dream sheep (Lair:6)
  15 flying skulls
  77 redbacks
  10 air elementals
  A yak (shapeshifter) (Vaults:2)
  An ettin skeleton (Crypt:3)
  4 water elementals
  9 shadows
  4 vampires (Crypt:3)
  2 ushabtiu (Tomb:1)
  3 fire bats (Depths:2)
  30 tarantellas
  14 wraiths
  45 yaks
  4 spriggans
  7 wyverns
  A steam dragon (Lair:5)
  A human (D:8)
  A golden eye (shapeshifter) (D:15)
  A basilisk (shapeshifter) (Vaults:3)
  2 black mamba skeletons
  Grum (D:10)
  6 fire elementals
  13 vampire mosquitoes
  3 basilisks
  6 hungry ghosts
  24 swamp worms
  6 wargs
  Edmund (D:4)
  3 insubstantial wisps (Swamp:1)
  2 acid dragons
  The ghost of supermoro the Sneak, an amateur KoEn (D:4)
  A torturous demonspawn zombie (Crypt:3)
  10 water moccasins
  A deep troll skeleton (Crypt:2)
  2 gelid demonspawn zombies
  A hell hound (D:14)
  A faun skeleton (Crypt:2)
  An orb spider zombie (Crypt:2)
  21 soldier ants
  Duvessa (D:7)
  2 floating eyes (Depths:1)
  6 porcupines
  13 swamp drakes
  3 ice beasts
  51 orc warriors
  A hornet zombie (D:9)
  6 sky beasts
  An infernal demonspawn skeleton (Crypt:1)
  7 necrophages
  2 eyes of draining
  2 phantoms
  20 centaurs
  37 ogres
  4 wolves (D:10)
  12 boggarts
  6 crocodiles
  5 big kobolds
  12 bullfrogs
  The ghost of tobi4572 the Sneak, an amateur SpAs (D:3)
  A wyvern zombie (D:9)
  Dowan (D:7)
  2 earth elementals (Elf:3)
  2 wyvern skeletons
  6 water moccasin zombies (Ossuary)
  5 scorpions
  An orc simulacrum (Vaults:1)
  28 killer bees
  8 wights
  8 howler monkeys
  6 electric eels
  7 crimson imps
  8 hounds
  A bullfrog zombie (D:7)
  A gnoll shaman (D:7)
  35 orc priests
  4 jellies
  40 orc wizards
  2 bullfrog skeletons
  2 iron imps
  A basilisk skeleton (Crypt:1)
  6 iguanas
  A human skeleton (Crypt:2)
  33 worker ants
  A porcupine skeleton (Crypt:1)
  2 killer bee zombies
  A dwarf skeleton (Crypt:2)
  4 hound skeletons
  8 mummies
  10 adders
  11 gnolls
  5 shadow imps
  A white imp (D:5)
  An ooze (D:5)
  3 adder zombies
  A worm zombie (Crypt:2)
  An adder skeleton (D:8)
  2 leopard geckos
  91 orcs
  A ball python (D:2)
  A giant cockroach (D:3)
  5 gnoll zombies (Ossuary)
  13 goblins
  2 hobgoblins
  11 jackals
  3 quokkas
  4 bats
  6 frilled lizards
  3 goblin zombies (D:5)
  6 hobgoblin zombies
  24 kobolds
  A kobold skeleton (D:5)
  10 kobold zombies
  A leopard gecko zombie (D:5)
  An orc skeleton (D:5)
  5 orc zombies
  A quokka zombie (D:9)
  3 rats
  4 briar patches
  2 crawling corpses (Elf:3)
  2 plants (D:11)
  A spectral weapon (Orc:2)
2099 creatures vanquished.

Vanquished Creatures (collateral kills)
  A dancing weapon (Elf:2)
  A tyrant leech (Swamp:3)
2 creatures vanquished.

Vanquished Creatures (others)
  A fire giant (Depths:2)
  A ghost moth (Spider:4)
  An unseen horror (shapeshifter) (Depths:2)
  A wizard (Vaults:2)
  A centaur skeleton (D:14)
  A jumping spider (Spider:2)
  An ushabti (Tomb:1)
  A swamp drake (Swamp:2)
  An iguana (D:12)
  2 orcs (Elf:2)
  8 fungi
  8 plants
  27 spectral weapons
  A withered plant (Crypt:3)
55 creatures vanquished.

Grand Total: 2156 creatures vanquished

Notes
Turn   | Place    | Note
-------+----------+-------------------------------------------
     0 | D:1      | Jannitor the Barachi Skald began the quest for the Orb.
     0 | D:1      | Reached XP level 1. HP: 17/17 MP: 3/3
   395 | D:1      | Reached XP level 2. HP: 21/23 MP: 0/5
   755 | D:2      | Noticed a dagger
   758 | D:2      | Noticed a hand axe
   761 | D:2      | Found a hide-covered altar of Uskayaw.
  1013 | D:2      | Found a sparkling altar of Nemelex Xobeh.
  1118 | D:2      | Learned a level 2 spell: Song of Slaying
  1541 | D:3      | Reached XP level 3. HP: 28/28 MP: 6/6
  1651 | D:3      | Noticed tobi4572's ghost (amateur SpAs)
  1787 | D:3      | Killed tobi4572's ghost
  1787 | D:3      | Reached XP level 4. HP: 30/35 MP: 7/7
  1925 | D:3      | Found a shimmering altar of Xom.
  2067 | D:3      | Found a shadowy altar of Dithmenos.
  2246 | D:3      | Found a bloodstained altar of Trog.
  2418 | D:4      | Found an opulent altar of Gozag.
  2425 | D:4      | Noticed a sky beast
  2451 | D:4      | Gained mutation: You are surrounded by a mild repulsion field. (EV +2) [potion of mutation]
  2451 | D:4      | Gained mutation: Your muscles are strong. (Str +2) [potion of mutation]
  2451 | D:4      | Gained mutation: You are resistant to hostile enchantments. (MR+) [potion of mutation]
  2847 | D:4      | Killed a sky beast
  2847 | D:4      | Reached skill level 1 in Shields
  2847 | D:4      | Reached XP level 5. HP: 30/42 MP: 3/8
  2978 | D:4      | Found a sand-covered staircase.
  2983 | Ossuary  | Entered an ossuary
  3016 | Ossuary  | Reached XP level 6. HP: 39/48 MP: 0/9
  3136 | Ossuary  | Reached skill level 2 in Shields
  3220 | Ossuary  | Reached XP level 7. HP: 24/55 MP: 7/10
  3397 | Ossuary  | Learned a level 3 spell: Regeneration
  3400 | Ossuary  | Learned a level 2 spell: Shroud of Golubria
  3613 | Ossuary  | Reached skill level 5 in Charms
  3869 | D:4      | Noticed supermoro's ghost (amateur KoEn)
  3889 | D:4      | Killed supermoro's ghost
  3889 | D:4      | Reached skill level 5 in Fighting
  3889 | D:4      | Reached skill level 3 in Shields
  4330 | D:4      | Reached XP level 8. HP: 51/62 MP: 7/11
  4384 | D:4      | Found a staircase to the Ecumenical Temple.
  4391 | D:4      | Noticed Edmund
  4396 | Temple   | Entered the Ecumenical Temple
  4562 | Temple   | Became a worshipper of Cheibriados the Contemplative
  4650 | D:4      | Killed Edmund
  4969 | D:4      | Reached skill level 5 in Maces & Flails
  4969 | D:4      | Reached skill level 5 in Armour
  5201 | D:4      | Learned a level 3 spell: Ozocubu's Armour
  5715 | D:5      | Entered Level 5 of the Dungeon
  5791 | D:5      | Found a stormy altar of Qazlal.
  5851 | D:5      | Found a glowing golden altar of the Shining One.
  5955 | D:5      | Reached * piety under Cheibriados
  6090 | D:5      | Noticed tobi4572's ghost (novice SpAs)
  6098 | D:5      | Killed tobi4572's ghost
  6144 | D:5      | Reached XP level 9. HP: 56/71 MP: 13/13
  6621 | D:6      | Reached ** piety under Cheibriados
  7303 | D:6      | Found the +3 crown of Dyrovepreva {rElec Int+2 SInv}
  7349 | D:6      | Found a radiant altar of Vehumet.
  7377 | D:6      | Learned a level 3 spell: Spectral Weapon
  7739 | D:7      | Noticed Duvessa
  7744 | D:7      | Killed Duvessa
  7745 | D:7      | Noticed Dowan
  7751 | D:7      | Killed Dowan
  7864 | D:7      | Reached *** piety under Cheibriados
  8007 | D:7      | Reached XP level 10. HP: 80/80 MP: 17/17
  8093 | D:7      | Found a burning altar of Makhleb.
  8105 | D:7      | Got a blackened whip
  8106 | D:7      | Identified the +0 whip "Badelo" {holy, Int+7} (You found it on level 7 of the Dungeon)
  8112 | D:7      | Noticed Joseph
  8129 | D:7      | Killed Joseph
  8129 | D:7      | Reached skill level 5 in Spellcasting
  8556 | D:8      | Found a flagged portal.
  8569 | Bailey   | Entered a bailey
  8579 | Bailey   | Reached **** piety under Cheibriados
  8662 | Bailey   | Noticed an orc knight
  8670 | Bailey   | Found a bloodstained altar of Trog.
  8686 | Bailey   | Killed an orc knight
  8688 | Bailey   | Reached skill level 1 in Invocations
  8984 | D:8      | Reached ***** piety under Cheibriados
  9024 | D:8      | Found Haawnol's Book Boutique.
  9166 | D:8      | Found Roudoyn's Weapon Shop.
  9440 | D:8      | Found a deep blue altar of Sif Muna.
  9880 | D:9      | Reached XP level 11. HP: 86/89 MP: 19/19
 10014 | D:9      | Found a shattered altar of Ashenzari.
 10367 | D:10     | Entered Level 10 of the Dungeon
 10568 | D:10     | Found a staircase to the Lair.
 10665 | D:10     | Noticed Grum
 10687 | D:10     | Killed Grum
 10687 | D:10     | Reached skill level 5 in Dodging
 11051 | D:10     | Found an opulent altar of Gozag.
 11185 | D:10     | Reached ****** piety under Cheibriados
 11190 | D:10     | Found a staircase to the Orcish Mines.
 11408 | Lair:1   | Entered Level 1 of the Lair of Beasts
 11439 | Lair:1   | Noticed an eight-headed hydra
 11447 | Lair:1   | Killed an eight-headed hydra
 12343 | Lair:2   | Reached skill level 10 in Fighting
 12356 | Lair:2   | Reached XP level 12. HP: 97/97 MP: 16/20
 12555 | Lair:2   | Reached skill level 10 in Armour
 12937 | Lair:2   | Noticed Harold
 12949 | Lair:2   | Killed Harold
 12978 | Lair:2   | Reached skill level 10 in Charms
 13119 | Lair:2   | Found a staircase to the Swamp.
 13298 | Lair:3   | Reached skill level 5 in Invocations
 13395 | Lair:3   | Found a hole to the Spider Nest.
 13627 | Lair:3   | Reached skill level 10 in Maces & Flails
 13634 | Lair:3   | Learned a level 5 spell: Metabolic Englaciation
 14121 | Lair:4   | Reached skill level 1 in Hexes
 14364 | Lair:4   | Noticed a five-headed hydra
 14371 | Lair:4   | Killed a five-headed hydra
 14725 | Lair:5   | Gained mutation: You can hop long distances. [Barachi growth]
 14725 | Lair:5   | Reached XP level 13. HP: 95/106 MP: 22/22
 15498 | Lair:6   | Entered Level 6 of the Lair of Beasts
 15589 | Lair:6   | Found the +7 lajatang of Order {silver, rMut}
 15674 | Lair:6   | Learned a level 5 spell: Yara's Violent Unravelling
 16068 | Lair:6   | Noticed Ivernyr's ghost (journeyman OgWz)
 16077 | Lair:6   | Killed Ivernyr's ghost
 16268 | Lair:6   | Found a staircase to the Slime Pits.
 16701 | Orc:1    | Entered Level 1 of the Orcish Mines
 16706 | Orc:1    | Reached skill level 5 in Hexes
 16721 | Orc:1    | Reached XP level 14. HP: 96/115 MP: 17/25
 17036 | Orc:2    | Entered Level 2 of the Orcish Mines
 17040 | Orc:2    | Noticed Rupert
 17056 | Orc:1    | Killed Rupert
 18372 | Orc:2    | Found a staircase to the Elven Halls.
 18626 | Orc:2    | Noticed an orc warlord
 18764 | Orc:2    | Killed an orc warlord
 19676 | Orc:2    | Found Jusea's Antique Armour Boutique.
 19677 | Orc:2    | Found Vaumy's Antique Weapon Boutique.
 19679 | Orc:2    | Found Renedut's General Store.
 19679 | Orc:2    | Found Syedgheux's Book Shop.
 19704 | Orc:2    | Bought a manual of Maces & Flails for 1324 gold pieces
 19713 | Orc:2    | Bought a warped scale mail for 234 gold pieces
 19723 | Orc:2    | Identified the +5 scale mail "Beigarcho" {rCorr} (You bought it in a shop on level 2 of the Orcish Mines)
 19731 | Orc:2    | Bought a scroll of blinking for 97 gold pieces
 19731 | Orc:2    | Bought a +2 large shield of protection for 279 gold pieces
 19740 | Orc:2    | Bought a fine flail for 289 gold pieces
 19740 | Orc:2    | Identified the +3 flail "Arbiter" {crush, +Blink +Inv} (You bought it in a shop on level 2 of the Orcish Mines)
 20072 | D:11     | Found a flickering gateway to a bazaar.
 20086 | Bazaar   | Entered a bazaar
 20103 | Bazaar   | Found Silotie's Food Emporium.
 20103 | Bazaar   | Found Orghuqu's Armour Shoppe.
 20124 | Bazaar   | Found Jovvimo's Distillery.
 20124 | Bazaar   | Found Seept's Assorted Antiques.
 20145 | Bazaar   | Found Haefusia's Antique Weapon Emporium.
 20145 | Bazaar   | Found Viyx's Book Shoppe.
 20166 | Bazaar   | Found Vavun's Weapon Emporium.
 20166 | Bazaar   | Found Uqaj's Magic Scroll Shoppe.
 20232 | Bazaar   | Bought a scroll of enchant weapon for 97 gold pieces
 20232 | Bazaar   | Bought a potion of heal wounds for 65 gold pieces
 20258 | Bazaar   | Bought a scroll of teleportation for 30 gold pieces
 20258 | Bazaar   | Bought 3 scrolls of teleportation for 90 gold pieces
 20284 | Bazaar   | Bought a potion of might for 48 gold pieces
 20284 | Bazaar   | Bought a potion of heal wounds for 60 gold pieces
 20284 | Bazaar   | Bought a potion of agility for 48 gold pieces
 20284 | Bazaar   | Bought a potion of agility for 48 gold pieces
 20757 | D:11     | Found a sacrificial altar of Ru.
 21212 | D:12     | Reached XP level 15. HP: 122/122 MP: 27/27
 21657 | D:12     | Reached skill level 10 in Dodging
 22179 | D:13     | Learned a level 5 spell: Silence
 22532 | D:14     | Found a gate to the Vaults.
 22571 | D:14     | Noticed Frances
 22577 | D:14     | Reached skill level 1 in Air Magic
 22584 | D:14     | Killed Frances
 22636 | D:14     | Got a faintly glowing turquoise ring
 22637 | D:14     | Identified the ring of Summertime {Ice rN+ Int+8 Dex-4} (You found it on level 14 of the Dungeon)
 23096 | D:14     | Noticed Azrael
 23118 | D:14     | Killed Azrael
 23357 | D:14     | Noticed Agnes
 23367 | D:14     | Killed Agnes
 23709 | D:15     | Entered Level 15 of the Dungeon
 24088 | D:15     | Found a shimmering altar of Xom.
 24234 | D:15     | Reached XP level 16. HP: 112/131 MP: 27/29
 24252 | D:15     | Found a staircase to the Depths.
 24481 | D:15     | Found Vynna's Magic Scroll Shop.
 24485 | D:15     | Bought a scroll of brand weapon for 380 gold pieces
 24735 | Elf:1    | Entered Level 1 of the Elven Halls
 26373 | Elf:2    | Found a runed gate.
 26373 | Elf:2    | Found a runed gate.
 26374 | Elf:2    | Found a runed gate.
 26575 | Elf:2    | Learned a level 6 spell: Deflect Missiles
 26604 | Elf:2    | Noticed a deep elf blademaster
 26617 | Elf:2    | Killed a deep elf blademaster
 26933 | Elf:2    | Reached skill level 10 in Spellcasting
 27136 | Elf:2    | Reached skill level 5 in Air Magic
 27179 | Elf:2    | Noticed Donald
 27197 | Elf:2    | Killed Donald
 27717 | Elf:2    | Reached XP level 17. HP: 138/139 MP: 31/31
 28033 | Lair:2   | Reached skill level 4 in Shields
 28055 | Swamp:1  | Entered Level 1 of the Swamp
 28510 | Swamp:1  | Identified a scroll of acquirement
 28517 | Swamp:1  | Got a pair of faintly glowing gloves
 28529 | Swamp:1  | Identified the +2 pair of gloves of Mental Paralysis {rN+ MP+9 Str-3} (You acquired it on level 1 of the Swamp)
 28718 | Swamp:1  | Reached skill level 5 in Shields
 29067 | Swamp:2  | Noticed Louise
 29074 | Swamp:2  | Killed Louise
 29074 | Swamp:2  | Reached skill level 6 in Shields
 29429 | Swamp:2  | Noticed Jorgrun
 29438 | Swamp:2  | Killed Jorgrun
 29438 | Swamp:2  | Reached skill level 7 in Shields
 29587 | Swamp:2  | Reached skill level 15 in Maces & Flails
 30513 | Swamp:3  | Reached skill level 15 in Fighting
 30614 | Swamp:3  | Reached skill level 8 in Shields
 31082 | Swamp:4  | Entered Level 4 of the Swamp
 31735 | Swamp:3  | Reached skill level 15 in Armour
 32376 | Swamp:4  | Reached skill level 9 in Shields
 32428 | Swamp:4  | Reached XP level 18. HP: 149/149 MP: 32/32
 32618 | Swamp:4  | Got a decaying rune of Zot
 33128 | Vaults:1 | Entered Level 1 of the Vaults
 33538 | Vaults:1 | Reached skill level 10 in Shields
 33598 | Vaults:1 | Found Fan Piod's Assorted Antiques.
 33662 | Vaults:1 | Bought an encrusted large shield for 380 gold pieces
 33662 | Vaults:1 | Identified the cursed +0 large shield of the Three Gods {rF+ rN+ Regen+ Dex+2} (You bought it in a shop on level 1 of the Vaults)
 33705 | Vaults:1 | Found Guhinig's Jewellery Shop.
 33988 | Vaults:1 | Found Waega's Weapon Shop.
 34073 | Vaults:1 | Found Lorphigh's Assorted Antiques.
 34079 | Vaults:1 | Bought a scroll of enchant armour for 255 gold pieces
 34104 | Vaults:1 | Reached skill level 11 in Shields
 34634 | Vaults:1 | Found Biunav's Gadget Shoppe.
 34929 | Vaults:2 | Reached skill level 12 in Shields
 35021 | Vaults:2 | Reached XP level 19. HP: 138/158 MP: 33/33
 35024 | Vaults:2 | Reached skill level 10 in Invocations
 35073 | Vaults:2 | Noticed Sojobo
 35172 | Vaults:2 | Noticed Mara
 35196 | Vaults:2 | Noticed Jory
 35379 | Vaults:2 | Killed Jory
 35537 | Vaults:2 | Found Buyqef's Armour Emporium.
 35585 | Vaults:2 | Killed Sojobo
 35585 | Vaults:2 | Reached skill level 13 in Shields
 35591 | Vaults:2 | Noticed Jannitor's illusion
 35602 | Vaults:2 | Killed Mara
 36192 | Vaults:2 | Reached skill level 14 in Shields
 36402 | Vaults:3 | Found Plog's Distillery.
 36410 | Vaults:3 | Bought a potion of heal wounds for 100 gold pieces
 36603 | Vaults:3 | Found a staircase to the Crypt.
 37000 | Vaults:3 | Reached XP level 20. HP: 167/168 MP: 34/34
 37021 | Vaults:3 | Noticed Frederick
 37121 | Vaults:3 | Killed Frederick
 37178 | Vaults:3 | Noticed Mennas
 37211 | Vaults:3 | Killed Mennas
 37306 | Vaults:3 | Noticed Saint Roka
 37321 | Vaults:3 | Killed Saint Roka
 37347 | Vaults:3 | Reached skill level 15 in Shields
 38074 | Vaults:4 | Learned a level 5 spell: Summon Mana Viper
 38302 | Vaults:4 | Reached skill level 1 in Summonings
 38302 | Vaults:4 | Reached skill level 1 in Ice Magic
 39050 | Vaults:5 | Entered Level 5 of the Vaults
 39054 | Vaults:5 | Reached XP level 21. HP: 146/176 MP: 28/35
 39775 | Crypt:1  | Entered Level 1 of the Crypt
 39817 | Crypt:1  | Reached skill level 16 in Shields
 40315 | Crypt:1  | Reached skill level 5 in Summonings
 41080 | Crypt:2  | Reached skill level 10 in Hexes
 41170 | Crypt:2  | Learned a level 1 spell: Apportation
 41174 | Crypt:2  | Learned a level 3 spell: Lesser Beckoning
 41217 | Crypt:2  | Found a basalt altar of Yredelemnul.
 41217 | Crypt:2  | Noticed a profane servitor
 41224 | Crypt:2  | Killed a profane servitor
 41224 | Crypt:2  | Reached skill level 1 in Translocations
 41356 | Crypt:2  | Identified the Incunabulum of Ice and Poisoning
 41520 | Crypt:2  | Noticed aliadon's ghost (veteran HOBe)
 41538 | Crypt:2  | Killed aliadon's ghost
 41656 | Crypt:2  | Reached skill level 17 in Shields
 42020 | Crypt:3  | Entered Level 3 of the Crypt
 42081 | Crypt:3  | Noticed Khufu
 42082 | Crypt:3  | Noticed a greater mummy
 42088 | Crypt:3  | Reached XP level 22. HP: 147/185 MP: 22/37
 42093 | Crypt:3  | Noticed a greater mummy
 42102 | Crypt:3  | Killed Khufu
 42121 | Crypt:3  | Killed a greater mummy
 42126 | Crypt:3  | Killed a greater mummy
 42505 | Crypt:3  | Found the +9 sword of Zonguldrok {reap}
 42605 | Crypt:3  | Identified the cursed +0 pair of boots of the Original Sin {Dex+4} (You found it on level 3 of the Crypt)
 42802 | Crypt:3  | Found a staircase to the Tomb.
 42804 | Crypt:3  | Found the +0 pair of fencer's gloves {+Riposte Dex+3}
 42825 | Crypt:3  | Identified the Catalogue of Feathery Good Luck
 42858 | Crypt:3  | Noticed an ancient lich
 42878 | Crypt:3  | Killed an ancient lich
 43161 | Crypt:3  | Identified the cursed +0 plate armour of Hoitwit {rPois rCorr Str+4 Dex-2} (You found it on level 3 of the Crypt)
 43210 | Crypt:3  | Reached skill level 5 in Translocations
 43443 | Crypt:3  | Found an ancient bone altar of Kikubaaqudgha.
 43479 | Crypt:3  | Noticed an ancient lich
 43487 | Crypt:3  | Killed an ancient lich
 43487 | Crypt:3  | Reached skill level 18 in Shields
 44431 | Elf:3    | Entered Level 3 of the Elven Halls
 44844 | Elf:3    | Reached XP level 23. HP: 194/194 MP: 38/38
 45275 | Elf:3    | Identified the ring of the Postmodern Deaths {rPois rC+ Str+2 Stlth+} (You took it off a deep elf high priest on level 3 of the Elven Halls)
 45592 | Elf:3    | Found the +3 pair of gauntlets of War {Slay+5}
 45616 | Elf:3    | Identified the Handbook of the Harmful Compass
 45972 | Depths:1 | Entered Level 1 of the Depths
 46266 | Depths:1 | Found a one-way gate to the infinite horrors of the Abyss.
 46415 | Depths:1 | Paralysed by a floating eye for 4 turns
 46539 | Depths:1 | Reached skill level 19 in Shields
 46546 | Depths:1 | Paralysed by a floating eye for 2 turns
 46553 | Depths:1 | Got a scintillating brass ring
 46584 | Depths:1 | Found a gateway to a ziggurat.
 46680 | Depths:1 | Found a gateway to Hell.
 47718 | Depths:2 | Reached XP level 24. HP: 196/203 MP: 31/39
 47758 | Depths:2 | Identified the ring of Vuulo {+Blink rF+} (You took it off a centaur warrior on level 1 of the Depths)
 48145 | Depths:3 | Found Mehodghyw's Assorted Antiques.
 48148 | Depths:3 | Bought a translucent brass amulet for 125 gold pieces
 48148 | Depths:3 | Identified the amulet of the Hare {Spirit Fragile rElec rC+} (You bought it in a shop on level 3 of the Depths)
 49350 | Depths:3 | Found a one-way gate leading to the halls of Pandemonium.
 49478 | Depths:4 | Learned a level 5 spell: Aura of Abjuration
 49667 | Depths:4 | Reached skill level 20 in Shields
 49974 | Depths:4 | Noticed a juggernaut
 49982 | Depths:4 | Killed a juggernaut
 49982 | Depths:4 | Reached skill level 10 in Translocations
 50833 | Spider:1 | Entered Level 1 of the Spider Nest
 50833 | Spider:1 | Found the cursed +14 obsidian axe {chop, +Fly SInv *Curse}
 50865 | Spider:1 | Noticed Nikola
 50883 | Spider:1 | Killed Nikola
 50883 | Spider:1 | Reached XP level 25. HP: 212/212 MP: 40/40
 51016 | Spider:1 | Identified a +2 pair of boots of running (You found it on level 1 of the Spider Nest)
 51205 | Spider:1 | Noticed Aizul
 51213 | Spider:1 | Killed Aizul
 52953 | Spider:4 | Entered Level 4 of the Spider Nest
 53178 | Spider:4 | Reached skill level 21 in Shields
 53195 | Spider:4 | Got a gossamer rune of Zot
 54259 | Tomb:1   | Entered Level 1 of the Tomb of the Ancients
 54829 | Tomb:1   | Noticed a greater mummy
 54832 | Tomb:1   | Noticed a greater mummy
 54844 | Tomb:1   | Noticed a greater mummy
 54844 | Tomb:1   | Killed a greater mummy
 54852 | Tomb:1   | HP: 7/213 [death scarab (18)]
 54854 | Tomb:1   | Killed from afar by a greater mummy

Skill      XL: |  1  2  3  4  5  6  7  8  9 10 11 12 13 14 15 16 17 18 19 20 21 22 23 24 25 |
---------------+----------------------------------------------------------------------------+-----
Fighting       | 3 4 5 6 7 9 10 11 12 13 14 15 16 17 18 19 20 | 20.9
Maces & Flails | 3 4 5 7 8 9 10 11 12 13 14 15 16 | 16.0
Armour         | 2 3 4 5 7 8 9 10 11 12 13 14 15 16 17 18 | 18.0
Dodging        | 3 4 6 7 8 9 10 11 12 13 | 13.0
Shields        | 1 2 3 9 12 14 15 17 18 19 20 21 | 21.2
Charms         | 4 5 6 7 8 9 10 11 | 11.5
Spellcasting   | 3 4 5 6 7 8 9 10 11 12 13 14 | 14.2
Invocations    | 2 4 5 6 7 8 9 11 12 | 12.9
Hexes          | 2 5 6 8 9 10 11 12 13 | 13.8
Air Magic      | 3 5 |  5.3
Summonings     | 3 5 8 |  8.0
Ice Magic      | 3 4 |  4.3
Translocations | 3 6 8 10 11 | 11.2

Action                   |  1- 3 |  4- 6 |  7- 9 | 10-12 | 13-15 | 16-18 | 19-21 | 22-24 | 25-27 || total
-------------------------+-------+-------+-------+-------+-------+-------+-------+-------+-------++-------
Melee: Mace              |    97 |   155 |   189 |       |       |       |       |       |       ||   441
       Dire flail        |       |       |   263 |   615 |  1216 |   339 |       |       |       ||  2433
       Eveningstar       |       |       |       |       |       |   770 |  1296 |  1391 |   557 ||  4014
 Cast: Infusion          |     2 |     7 |    11 |       |       |       |       |       |       ||    20
       Song of Slaying   |     1 |     2 |     9 |     9 |    28 |    16 |     9 |     5 |     1 ||    80
       Spectral Weapon   |       |       |     2 |    20 |    38 |    29 |    21 |    11 |     5 ||   126
       Regeneration      |       |       |       |     7 |    23 |    24 |    17 |    16 |     3 ||    90
       Shroud of Golubri |       |       |       |     2 |     3 |     1 |     1 |     1 |       ||     8
       Silence           |       |       |       |       |       |     9 |    20 |    14 |     2 ||    45
       Deflect Missiles  |       |       |       |       |       |     1 |       |     2 |     1 ||     4
       Metabolic Englaci |       |       |       |       |       |       |       |     9 |     3 ||    12
       Lesser Beckoning  |       |       |       |       |       |       |       |     5 |     2 ||     7
Invok: Bend Time         |       |       |     3 |       |     3 |     2 |     1 |       |       ||     9
       Slouch            |       |       |       |       |     7 |     5 |     3 |    11 |     9 ||    35
       Temporal Distorti |       |       |       |       |     1 |     2 |     2 |       |       ||     5
       Step From Time    |       |       |       |       |       |     2 |       |     2 |       ||     4
 Abil: Hop               |     1 |     2 |     1 |     2 |     2 |     2 |       |     1 |     1 ||    12
Evoke: Wand              |       |       |       |     5 |     2 |     7 |       |       |       ||    14
       Phial of floods   |       |       |       |       |     1 |       |       |     1 |       ||     2
       Box of beasts     |       |       |       |       |       |     2 |       |       |       ||     2
  Use: Potion            |     1 |     2 |     7 |     3 |     2 |     3 |     3 |     2 |    10 ||    33
       Scroll            |       |     5 |    13 |     3 |    12 |    15 |    11 |    10 |     7 ||    76
 Stab: Invisible         |       |       |     1 |     3 |       |       |       |       |       ||     4
       Distracted        |       |       |       |     3 |     7 |     8 |     6 |     7 |       ||    31
       Confused          |       |       |       |       |       |     1 |       |       |       ||     1
       Sleeping          |       |       |       |       |       |       |       |     2 |       ||     2
  Eat: Chunk             |     4 |     1 |     9 |    24 |    31 |    24 |     7 |    13 |     9 ||   122
       Ration            |       |     1 |     2 |       |       |       |     2 |     2 |     2 ||     9
Armor: Leather armour    |    39 |       |       |       |       |       |       |       |       ||    39
       Ring mail         |     7 |    75 |   193 |   195 |       |       |       |       |       ||   470
       Chain mail        |       |       |       |   138 |   257 |       |       |       |       ||   395
       Scale mail        |       |       |       |       |   240 |   245 |       |       |       ||   485
       Swamp dragon scal |       |       |       |       |       |   105 |    54 |       |       ||   159
       Fire dragon scale |       |       |       |       |       |       |   223 |   298 |   237 ||   758
Dodge: Dodged            |    89 |    98 |   303 |   620 |  1315 |   782 |   600 |   735 |   631 ||  5173
       Deflected         |       |       |       |       |       |    16 |       |     9 |       ||    25
Block: Buckler           |       |    16 |    32 |       |       |       |       |       |       ||    48
       Large shield      |       |       |       |       |       |   906 |  1428 |  1713 |  1052 ||  5099
       Rpst.: Eveningstar |       |       |       |       |       |       |       |    25 |       ||    25
